 Dungeon Crawl Stone Soup version 0.30-a0-824-g6c64550be9 (webtiles) character file.

Game seed: 7095347808139384749

30 Sabo the Summoner (level 3, -2/28 HPs)
             Began as a Gnoll Wanderer on Feb 26, 2023.
             Slain by a gnoll
             ... wielding a +1 vampiric whip
              (5 damage)
             ... on level 2 of the Dungeon on Feb 28, 2023.
             The game lasted 00:08:25 (1551 turns).

Sabo the Summoner (Gnoll Wanderer)                  Turns: 1551, Time: 00:08:26

Health: -2/28      AC:  3    Str:  9    XL:     3   Next: 20%
Magic:  0/7        EV: 11    Int: 17    God:
Gold:   107        SH:  0    Dex:  9    Spells: 6/7 levels left

rFire   . . .      SeeInvis .    k - +0 war axe
rCold   . . .      Faith    .    (no shield)
rNeg    + . .      Spirit   .    c - +0 robe
rPois   .          Reflect  .    (no helmet)
rElec   .          Harm     .    (no cloak)
rCorr   +          Rampage  .    (no gloves)
Will    .....                    d - +0 pair of boots
Stlth   ++                       (no amulet)
HPRegen 0.24/turn                e - ring of positive energy
MPRegen 0.10/turn                a - ring of resist corrosion

@: no status effects
A: fangs 1, strong nose, distributed training
a: no special abilities


You were on level 2 of the Dungeon.
You visited 1 branch of the dungeon, and saw 2 of its levels.

You collected 107 gold pieces.

Inventory:

Hand Weapons
 h - a +0 sling
 k - a +0 war axe (weapon)
Armour
 c - a +0 robe (worn)
 d - a +0 pair of boots (worn)
 i - a +0 leather armour
Jewellery
 a - a ring of resist corrosion (right hand)
 e - a ring of positive energy (left hand)
Scrolls
 b - 2 scrolls of blinking
 g - a scroll of enchant weapon {unknown}
 m - a scroll of fog {unknown}
Potions
 f - a potion of might {unknown}
 j - a potion of flight {unknown}
 l - a potion of lignification {unknown}


   Skills:
 + Level 2.6 Fighting
 + Level 0.7 Short Blades
 + Level 0.7 Long Blades
 + Level 0.7 Axes
 + Level 0.7 Maces & Flails
 + Level 0.7 Polearms
 + Level 0.7 Staves
 + Level 0.7 Ranged Weapons
 + Level 0.7 Throwing
 + Level 0.7 Armour
 + Level 0.7 Dodging
 + Level 4.1 Stealth
 + Level 0.7 Shields
 + Level 0.7 Unarmed Combat
 + Level 2.8 Spellcasting
 + Level 0.5 Conjurations
 + Level 0.5 Hexes
 + Level 8.7 Summonings
 + Level 0.5 Necromancy
 + Level 0.5 Translocations
 + Level 0.5 Transmutations
 + Level 0.5 Fire Magic
 + Level 0.5 Ice Magic
 + Level 0.5 Air Magic
 + Level 2.1 Earth Magic
 + Level 0.5 Poison Magic
 + Level 0.9 Invocations
 + Level 0.7 Evocations


You had 6 spell levels left.
You knew the following spells:

 Your Spells              Type           Power      Damage    Failure   Level
a - Sandblast             Erth           18%        2d7       8%          1

Your spell library contained the following spells:

 Spells                   Type           Power      Damage    Failure   Level
 Summon Small Mammal      Summ           100%       N/A       1%          1
 Call Imp                 Summ           32%        N/A       1%          2
 Summon Lightning Spire   Summ/Air       18%        N/A       26%         4
 Stone Arrow              Conj/Erth      12%        3d7       30%         3


Dungeon Overview and Level Annotations

Branches:
Dungeon (2/15)

Altars:


Innate Abilities, Weirdness & Mutations

You have very sharp teeth.
Your uncanny sense of smell can sniff out nearby items.
Your experience applies equally to all skills.


Message History

The gnoll hits you with a +1 vampiric whip.
The gnoll barely misses you.
Casting: Sandblast (safe; 8% risk of failure)
Confirm with . or Enter, or press ? or * to list all spells.
Aiming: Sandblast (safe; 8% risk of failure)
Press: ? - help, Shift-Dir - straight line, f/p - gnoll
Aim: a gnoll, wielding a +1 vampiric whip (lightly wounded, 83% to hit)
The blast of sand misses the gnoll.
The gnoll hits you with a +1 vampiric whip.
The kobold closely misses you.
Casting: Sandblast (safe; 8% risk of failure)
Confirm with . or Enter, or press ? or * to list all spells.
Aiming: Sandblast (safe; 8% risk of failure)
Press: ? - help, Shift-Dir - straight line, f/p - gnoll
Aim: a gnoll, wielding a +1 vampiric whip (lightly wounded, 83% to hit)
The blast of sand misses the gnoll.
The kobold hits you with a +0 short sword.
The gnoll misses you.
A gnoll comes into view. It is wielding a +0 halberd.
The gnoll hits you with a +1 vampiric whip.
The gnoll draws strength from your wounds!
The kobold misses you.
Casting: Sandblast (safe; 8% risk of failure)
Confirm with . or Enter, or press ? or * to list all spells.
Aiming: Sandblast (safe; 8% risk of failure)
Press: ? - help, Shift-Dir - straight line, f/p - gnoll
Aim: a gnoll, wielding a +1 vampiric whip (83% to hit)
The blast of sand hits the gnoll.
The gnoll is heavily wounded.
The gnoll hits you with a +1 vampiric whip!
* * * LOW HITPOINT WARNING * * *
The gnoll draws strength from your wounds!
The kobold misses you.
You closely miss the gnoll.
The gnoll is heavily wounded.
You hit the kobold.
The kobold hits you with a +0 short sword.
* * * LOW HITPOINT WARNING * * *
The gnoll hits you with a +1 vampiric whip.
You die...

.#.#.#.....#...#
<....#....>#...#
#...#.........#
#.#...###.....#
.#......##.....#
.#.~~~.........######
.#....~..##.........#
.#...~~..##.?.......##..
........###.....@......#
.#.......##.....gK..#...
.......#.##..$......#
.....###.##....g....#
.....# .#####.######
####.# .# ... ### ##
.... .....


You could see 2 gnolls and a kobold.

Vanquished Creatures
  A dart slug (D:2)
  2 endoplasms
  A giant cockroach (D:1)
  A goblin (D:1)
  4 hobgoblins
  7 jackals (D:1)
  A quokka (D:1)
  2 bats (D:1)
  2 frilled lizards (D:1)
  2 kobolds
23 creatures vanquished.

Vanquished Creatures (others)
  A fungus (D:1)
  3 plants (D:1)
4 creatures vanquished.

Grand Total: 27 creatures vanquished

Notes
Turn   | Place    | Note
-------+----------+-------------------------------------------
     0 | D:1      | Sabo the Gnoll Wanderer began the quest for the Orb.
     0 | D:1      | Sabo set off with the following items: a +0 club, a scroll
                  | of blinking, a +0 robe, a +0 pair of boots; and the
                  | following spells available to memorise: Summon Small
                  | Mammal, Call Imp, Sandblast, Summon Lightning Spire, Stone
                  | Arrow.
     0 | D:1      | Reached XP level 1. HP: 17/17 MP: 4/4
    16 | D:1      | Learned a level 1 spell: Sandblast
   110 | D:1      | Reached XP level 2. HP: 23/23 MP: 2/5
  1012 | D:1      | Found a faded altar of an unknown god.
  1376 | D:1      | Reached XP level 3. HP: 28/28 MP: 5/7
  1466 | D:1      | Upgraded the game from 0.30-a0-808-g6e0788376e to
                  | 0.30-a0-824-g6c64550be9
  1551 | D:2      | Slain by a gnoll

Illustrated notes

Levels and vault maps discovered:
D:1:      eino_arrival_druids_welcome, layout_basic,
          dreamdust_ecumenical_altar_hidden_monk_grotto, serial_corexii_hall,
          corexii_hall_statues_u, corexii_hall_statues_x,
          grunt_decor_one_mirror, minivault_19
D:2:      layout_basic, chequers_serial_rivers_micro_c, uniq_jessica,
          uniq_crazy_yiuf_cottage, uniq_terence

Skill      XL: |  1 |
---------------+----+-----
Earth Magic    | 2 |  2.1
Fighting       | |  2.6
Short Blades   | |  0.7
Long Blades    | |  0.7
Axes           | |  0.7
Maces & Flails | |  0.7
Polearms       | |  0.7
Staves         | |  0.7
Ranged Weapons | |  0.7
Throwing       | |  0.7
Armour         | |  0.7
Dodging        | |  0.7
Stealth        | |  4.1
Shields        | |  0.7
Unarmed Combat | |  0.7
Spellcasting   | |  2.8
Conjurations   | |  0.5
Hexes          | |  0.5
Summonings     | |  8.7
Necromancy     | |  0.5
Translocations | |  0.5
Transmutations | |  0.5
Fire Magic     | |  0.5
Ice Magic      | |  0.5
Air Magic      | |  0.5
Poison Magic   | |  0.5
Invocations    | |  0.9
Evocations     | |  0.7

Action                     || total
---------------------------++-------
  Melee: War axe           ||     6
         Club              ||     3
         Punch             ||     1
   Cast: Sandblast         ||    38
 Armour: Robe              ||     6
  Dodge: Dodged            ||    15

Table legend: (Time is in decaauts)
 A = Elapsed time spent in this place.
 B = Non-inter-level travel time spent in this place.
 C = Inter-level travel time spent in this place.
 D = Time resting spent in this place.
 E = Time spent auto-exploring this place.
 F = Levels seen in this place.
 G = Mean time per level.
                   A        B        C        D        E       F      G
               +--------+--------+--------+--------+--------+-----+--------+
         Total |   1575 |   1575 |      0 |    391 |      0 |   2 |  787.5 |
       Dungeon |   1575 |   1575 |      0 |    391 |      0 |   2 |  787.5 |
               +--------+--------+--------+--------+--------+-----+--------+

Top non-repeatable levels by time:
     D:1: 1485 daAuts
     D:2: 89 daAuts
